 Dungeon Crawl Stone Soup version 0.31-a0-441-g867994ef1c (webtiles) character file.

Game seed: 2146238366072371504

76 Zonian the Ruffian (level 4, -1/29 HPs)
             Began as an Octopode Shapeshifter on Aug 2, 2023.
             Slain by an orc priest
             ... wielding a +0 flail
              (5 damage)
             ... on level 2 of the Dungeon.
             The game lasted 00:02:15 (1290 turns).

Zonian the Ruffian (Octopode Shapeshifter)          Turns: 1290, Time: 00:02:16

Health: -1/29      AC:  1    Str: 16    XL:     4   Next: 32%
Magic:  4/4        EV: 13    Int: 10    God:
Gold:   62         SH:  0    Dex: 12    Spells: 3/3 levels left

rFire   . .          .
                       - Unarmed
rCold   . . .        (no shield)
rNeg    . . .        (helmet currently unavailable)
rPois   .            h - amulet of the acrobat
rElec   .            (no ring)
rCorr   .            (no ring)
SInv    .            (no ring)
Will    .....        (no ring)
Stlth   ++           (no ring)
HPRegen 0.24/turn    (no ring)
MPRegen 0.09/turn    (no ring)
                     (no ring)

%: acrobat
@: beast-form
A: beast (slay +2), almost no armour, amphibious, 8 rings, camouflage 1,
gelatinous body 1, (nimble swimmer 1), tentacles
a: Begin Untransformation


You were on level 2 of the Dungeon.
You were a hulking beast.
You visited 1 branch of the dungeon, and saw 2 of its levels.

You collected 62 gold pieces.

Inventory:

Jewellery
 h - an amulet of the acrobat (around mantle)
Talismans
 b - a beast talisman (active)
Scrolls
 d - a scroll of immolation {unknown}
 e - 3 scrolls of teleportation {unknown}
 f - 2 scrolls of identify {unknown}
 g - 3 scrolls of blinking {unknown}
 j - 2 scrolls of enchant armour {unknown}
Potions
 a - a potion of lignification
 c - a potion of haste {unknown}
 i - a potion of curing {unknown}
 k - a potion of ambrosia {unknown}
 l - a potion of might {unknown}


   Skills:
 + Level 2.2 Fighting
 - Level 2.5 Dodging
 + Level 3.6 Unarmed Combat
 + Level 3.4 Shapeshifting


You had 3 spell levels left.
You didn't know any spells.
Your spell library contained the following spells:

 Spells                   Type           Power      Damage    Failure   Level
 Sublimation of Blood     Necr           0%         N/A       50%         2
 Volatile Blastmotes      Fire/Tloc      0%         2d10      75%         3
 Fulminant Prism          Conj/Hex       0%         3d5       98%         4
 Iskenderun's Mystic Bla  Conj/Tloc      0%         2d3       98%         4
 Petrify                  Tmut/Erth      0%         N/A       98%         4
 Fireball                 Conj/Fire      0%         3d3       100%        5
 Irradiate                Conj/Tmut      0%         3d11      100%        5
 Iskenderun's Battlesphe  Conj           0%         2d6       100%        5
 Conjure Ball Lightning   Conj/Air       0%         3x3d6     100%        6
 Orb of Destruction       Conj           0%         9d5       100%        7


Dungeon Overview and Level Annotations

Branches:
Dungeon (2/15)

Altars:
Dithmenos


Innate Abilities, Weirdness & Mutations

You are a hulking beast.
Your limbs bulge with bestial killing power. (Slay +2)
You cannot wear most types of armour.
You are amphibious.
You can wear up to eight rings at the same time.
Your skin changes colour to match your surroundings (Stealth+).
Your rubbery body absorbs attacks. (AC +1, EV +1)
((You are camouflaged when in or above water. (Stealth+)))
You have tentacles for arms and can constrict up to eight enemies at once.


Message History

An orc comes into view. It is wielding a +0 dagger.
The orc shouts!
Found a whip.
A goblin comes into view. It is wielding a +0 club.
The orc hits you with a +0 morningstar.
You tentacle-slap the orc. Your grab misses the orc.
The orc is heavily wounded.
The orc closely misses you.
You tentacle-slap the orc. You grab the orc. Your squeeze misses the orc.
The orc is severely wounded.
You constrict the orc, but do no damage.
You tentacle-slap the orc but do no damage.
You squeeze the orc.
You kill the orc!
The orc priest invokes the aid of Beogh against you.
Beogh smites you!
Ouch! That really hurt!
You tentacle-slap the orc but do no damage.
You grab the orc. Your squeeze misses the orc. You constrict the orc.
The orc priest looks satisfied for a moment.
The orc hits you with a +0 club.
You tentacle-slap the orc.
You kill the orc!
You tentacle-slap the orc priest. You grab the orc priest.
The orc priest is moderately wounded.
You constrict the orc priest.
The orc priest calls down the wrath of Beogh upon you.
Pain shoots through your body!
* * * LOW HITPOINT WARNING * * *
You barely miss the orc priest.
The orc priest is moderately wounded.
You constrict the orc priest. The orc priest misses you.
You tentacle-slap the orc priest.
The orc priest is heavily wounded.
You constrict the orc priest. The orc priest closely misses you.
You tentacle-slap the orc priest.
The orc priest is severely wounded.
You constrict the orc priest.
The orc priest hits you with a +0 flail.
You die...

#..........#
#..........#
#..........########
#.............r$...
#.......###.#######
#.......###....###
#..................
#.######o#.......#.
#. #h#o8...8.# #
#.#.......#
#.#o......#
..#...o...# #####
...#.8o..8.# #....
....#.......# #....
..)..# #....
......# #....
...g.... #....


You could see an orc priest.

Vanquished Creatures
  2 adders (D:2)
  A worm (D:2)
  3 orcs (D:2)
  3 ball pythons
  4 endoplasms
  4 goblins
  3 hobgoblins (D:1)
  6 jackals (D:1)
  2 quokkas (D:2)
  10 bats
  5 frilled lizards
  A kobold (D:1)
  5 rats
49 creatures vanquished.

Notes
Turn   | Place    | Note
-------+----------+-------------------------------------------
     0 | D:1      | Zonian the Octopode Shapeshifter began the quest for the
                  | Orb.
     0 | D:1      | Reached XP level 1. HP: 13/13 MP: 1/1
    68 | D:1      | Reached XP level 2. HP: 15/18 MP: 2/2
   507 | D:1      | Reached XP level 3. HP: 17/23 MP: 3/3
   605 | D:1      | Found a faded altar of an unknown god.
  1117 | D:2      | Reached XP level 4. HP: 27/29 MP: 4/4
  1178 | D:2      | Found a shadowy altar of Dithmenos.
  1290 | D:2      | Slain by an orc priest

Illustrated notes

Levels and vault maps discovered:
D:1:      amcnicky_arrival_choice, layout_rooms, shapermc_ecumenical_altar_venn,
          minmay_liquid_box
D:2:      cheibrodos_pilgrimage, layout_basic, basic_altar, uniq_sigmund

Skill      XL: |  1  2  3 |
---------------+----------+-----
Fighting       | 2 |  2.2
Dodging        | |  2.5
Unarmed Combat | |  3.6
Shapeshifting  | |  3.4

Action                     |  1- 3 |  4- 6 || total
---------------------------+-------+-------++-------
  Melee: Unarmed           |    79 |    23 ||   102
         Constrict         |    23 |     7 ||    30
         Tentacles         |    12 |     1 ||    13
   Stab: Sleeping          |     3 |       ||     3
 Armour: Skin              |    15 |       ||    15
  Dodge: Dodged            |    78 |    10 ||    88

Table legend: (Time is in decaauts)
 A = Elapsed time spent in this place.
 B = Non-inter-level travel time spent in this place.
 C = Inter-level travel time spent in this place.
 D = Time resting spent in this place.
 E = Time spent auto-exploring this place.
 F = Levels seen in this place.
 G = Mean time per level.
                   A        B        C        D        E       F      G
               +--------+--------+--------+--------+--------+-----+--------+
         Total |   1284 |   1258 |     26 |    240 |    729 |   2 |  642.0 |
       Dungeon |   1284 |   1258 |     26 |    240 |    729 |   2 |  642.0 |
               +--------+--------+--------+--------+--------+-----+--------+

Top non-repeatable levels by time:
     D:1: 917 daAuts
     D:2: 367 daAuts
